 Dungeon Crawl Stone Soup version bcrawl-1.13-1-g4ae1fcee6e (webtiles) character file.

Game seed: 18390136460166722225

156 Camlann the Slasher (level 5, -4/41 HPs)
             Began as a Demonspawn Archaeologist on July 29, 2019.
             Slain by an iguana (8 damage)
             ... on level 4 of the Dungeon.
             The game lasted 00:04:40 (3982 turns).

Camlann the Slasher (Demonspawn Archaeologist)      Turns: 3982, Time: 00:04:41

Health: -4/41      AC: 10    Str: 12    XL:     5   Next: 14%
Magic:  5/5        EV: 13    Int: 15    God:
Gold:   178        SH:  0    Dex: 12    Spells: 4/4 levels left

rFire    + . .     SeeInvis .   a - +1 whip
rCold    . . .     Gourm    .   (no shield)
rNeg     . . .     Faith    .   b - +1 robe
rPois    .         Spirit   .   c - +2 hat
rElec    .         Reflect  .   (no cloak)
rCorr    .         Harm     .   l - +0 pair of gloves
MR       .....                  d - +1 pair of boots
Stlth    ++........             (no amulet)
HPRegen  0.13/turn              h - ring of flight
MPRegen  0.09/turn              (no ring)

@: studying Long Blades
A: yellow scales 1, fire resistance 1
a: Evoke Flight


You were on level 4 of the Dungeon.
You were not hungry.

You visited 1 branch of the dungeon, and saw 4 of its levels.

You collected 178 gold pieces.


Innate Abilities, Weirdness & Mutations

You are partially covered in yellow scales. (AC +2)
Your flesh is heat resistant. (rF+)


   Skills:
 - Level 3.0 Fighting
 + Level 5.1 Long Blades
 - Level 0.8 Maces & Flails
 - Level 2.6 Dodging
 - Level 3.0 Stealth


You had 4 spell levels left.
You didn't know any spells.
Your spell library was empty.

Dungeon Overview and Level Annotations

Branches:
Dungeon (4/12)
 Temple: D:4-7

Altars:

Shops:
D:4 :

Annotations:
D:4 Dowan, Duvessa

Inventory:

Hand Weapons
 a - a +1 whip (weapon)
Armour
 b - a +1 robe (worn)
 c - a +2 hat (worn)
 d - a +1 pair of boots (worn)
 l - a +0 pair of gloves (worn)
   (You found it on level 2 of the Dungeon)
Jewellery
 h - a ring of flight (left hand)
   (You found it on level 1 of the Dungeon)
Wands
 n - a wand of paralysis (7)
   (You found it on level 4 of the Dungeon)
Scrolls
 i - 5 scrolls of remove curse
 j - a scroll of fear
 k - 2 scrolls of teleportation
 o - 2 scrolls of amnesia
 q - 3 scrolls of identify
Potions
 m - a potion of flight
 p - a potion of brilliance
 r - a potion of magic
Books
 e - a manual of Long Blades {!d}
Miscellaneous
 f - an ancient crate
Comestibles
 g - 9 rations {!d}
 s - a chunk of flesh {@w1}

#....## '.. .... #......
.. #... ... #...... #..
#..# .. ###..## ##..
#..###'### ##..##
#....#........# #.....
....#........# #.....
....'........# #.....
#...6....# #.....
####### #..##l..##
##..##
##..#.(######..##...#
#..#
.............<........
#....
........................
#...
#..##############.......
#..####..##....# ...##..
#..............# #### ..
#..............#


You could see an iguana.


Message History

You are too injured to fight recklessly!
You are too injured to fight recklessly!
You are too injured to fight recklessly!
You are too injured to fight recklessly!
You are too injured to fight recklessly!
You are too injured to fight recklessly!
You are too injured to fight recklessly!
You are too injured to fight recklessly!
You are too injured to fight recklessly!
You are too injured to fight recklessly!
You are too injured to fight recklessly!
You are too injured to fight recklessly!
You hit the iguana.
The iguana is heavily wounded.
The iguana closely misses you.
You hit the iguana.
The iguana is severely wounded.
The iguana bites you.
You closely miss the iguana.
The iguana is severely wounded.
The iguana closely misses you.
You hit the iguana but do no damage.
The iguana is severely wounded.
The iguana bites you.
* * * LOW HITPOINT WARNING * * *
You hit the iguana.
The iguana is almost dead.
The iguana barely misses you.
You closely miss the iguana.
The iguana is almost dead.
The iguana barely misses you.
You barely miss the iguana.
The iguana is almost dead.
The iguana barely misses you.
You hit the iguana but do no damage.
The iguana is almost dead.
The iguana misses you.
You hit the iguana but do no damage.
The iguana is almost dead.
The iguana barely misses you.
You closely miss the iguana.
The iguana is almost dead.
The iguana barely misses you.
You hit the iguana but do no damage.
The iguana is almost dead.
The iguana misses you.
You completely miss the iguana.
The iguana is almost dead.
The iguana completely misses you.
You completely miss the iguana.
The iguana is almost dead.
The iguana barely misses you.
You closely miss the iguana.
The iguana is almost dead.
The iguana bites you but does no damage.
You closely miss the iguana.
The iguana is almost dead.
The iguana bites you!
* * * LOW HITPOINT WARNING * * *
You hit the iguana.
The iguana is almost dead.
The iguana barely misses you. x2
You hit the iguana but do no damage.
The iguana is almost dead.
The iguana bites you!
* * * LOW HITPOINT WARNING * * *
You barely miss the iguana.
The iguana is almost dead.
The iguana bites you!
You die...

Action                   |  1- 3 |  4- 6 || total
-------------------------+-------+-------++-------
Melee: Whip              |   206 |   209 ||   415
  Use: Scroll            |     5 |     6 ||    11
       Potion            |       |     3 ||     3
 Stab: Sleeping          |     4 |     6 ||    10
       Distracted        |     1 |       ||     1
  Eat: Chunk             |     2 |     5 ||     7
       Ration            |       |     1 ||     1
Armor: Robe              |   109 |    54 ||   163
Dodge: Dodged            |   165 |   120 ||   285

Levels and vault maps discovered:
D:1:      wander_arrival_estate, layout_basic, minmay_box_of_dots
D:2:      layout_basic, minmay_close_crescents
D:3:      layout_loops_ring, chequers_ecumenical_altar_simple_redux,
          first_ration
D:4:      layout_gridville, serial_shops, shop, uniq_duvessa

Notes
Turn   | Place    | Note
-------+----------+-------------------------------------------
     0 | D:1      | Camlann the Demonspawn Archaeologist began the quest for
                  | the Orb.
     0 | D:1      | Reached XP level 1. HP: 15/15 MP: 1/1
   288 | D:1      | Reached skill level 2 in Fighting
   288 | D:1      | Gained mutation: Your flesh is heat resistant. (rF+)
                  | [demonic ancestry]
   288 | D:1      | Reached XP level 2. HP: 22/22 MP: 2/2
   861 | D:1      | Reached skill level 3 in Fighting
   861 | D:1      | Gained mutation: You are partially covered in yellow
                  | scales. (AC +2) [demonic ancestry]
   861 | D:1      | Reached XP level 3. HP: 29/29 MP: 3/3
   963 | D:2      | Reached skill level 1 in Long Blades
  1047 | D:2      | HP: 4/29 [worm (6)]
  1455 | D:2      | Reached skill level 2 in Long Blades
  1578 | D:2      | Reached skill level 3 in Long Blades
  1578 | D:2      | Reached XP level 4. HP: 30/35 MP: 4/4
  2748 | D:3      | Reached skill level 4 in Long Blades
  2967 | D:3      | Found a faded altar of an unknown god.
  3589 | D:4      | Reached XP level 5. HP: 41/41 MP: 5/5
  3614 | D:4      | Found Afofuarr's Book Emporium.
  3640 | D:4      | Noticed Duvessa
  3640 | D:4      | Noticed Dowan
  3765 | D:4      | Reached skill level 5 in Long Blades
  3981 | D:4      | HP: 4/41 [iguana (8)]
  3982 | D:4      | Slain by an iguana

Vanquished Creatures
  6 adders
  7 worms
  5 dart slugs
  A leopard gecko (D:1)
  4 orcs
  5 giant cockroaches
  6 goblins
  6 hobgoblins
  6 jackals
  7 kobolds
  A ball python (D:1)
  8 bats
  3 frilled lizards
  3 rats
68 creatures vanquished.
